 Dungeon Crawl Stone Soup version 0.28.0-53-g5a82cb258f (webtiles) character file.

Game seed: 16546918700250484477

90 moldycheese5 the Conjurer (level 4, -2/24 HPs)
             Began as a Deep Elf Conjurer on June 18, 2022.
             Slain by a gnoll shaman
             ... wielding a +0 club
              (4 damage)
             ... on level 2 of the Dungeon.
             The game lasted 00:03:27 (2634 turns).

moldycheese5 the Conjurer (Deep Elf Conjurer)       Turns: 2634, Time: 00:03:27

Health: -2/24      AC:  3    Str:  6    XL:     4   Next: 32%
Magic:  5/11       EV: 12    Int: 23    God:
Gold:   51         SH:  5    Dex: 13    Spells: 9/10 levels left

rFire   . . .      SeeInvis .   (no weapon)
rCold   . . .      Faith    .   (no shield)
rNeg    . . .      Spirit   .   a - +0 robe
rPois   .          Reflect  +   (no helmet)
rElec   .          Harm     .   (no cloak)
rCorr   .          Rampage  .   (no gloves)
Will    .....                   k - +0 pair of boots
Stlth   ++........              e - amulet of reflection
HPRegen 0.08/turn               (no ring)
MPRegen 0.12/turn               (no ring)

@: no status effects
A: no striking features
a: no special abilities


You were on level 2 of the Dungeon.
You visited 1 branch of the dungeon, and saw 3 of its levels.

You collected 51 gold pieces.

Inventory:

Armour
 a - a +0 robe (worn)
 k - a +0 pair of boots (worn)
Jewellery
 e - an amulet of reflection (around neck)
 g - an amulet of guardian spirit
 n - a +4 ring of slaying
Scrolls
 b - a scroll of amnesia {unknown}
 d - a scroll of enchant armour {unknown}
 f - a scroll of vulnerability {unknown}
 i - a scroll of identify {unknown}
 m - a scroll of holy word {unknown}
Potions
 c - a potion of mutation {unknown}
 h - a potion of invisibility {unknown}
 j - a potion of might {unknown}
 l - a potion of curing {unknown}


   Skills:
 + Level 2.6 Dodging
 + Level 3.1 Stealth
 + Level 3.8 Spellcasting
 + Level 5.7 Conjurations


You had 9 spell levels left.
You knew the following spells:

 Your Spells              Type           Power      Damage    Failure   Level
a - Magic Dart            Conj           100%       1d8       1%          1

Your spell library contained the following spells:

 Spells                   Type           Power      Damage    Failure   Level
 Searing Ray              Conj           60%        2d6       1%          2
 Dazzling Flash           Conj/Hex       34%        N/A       10%         3
 Fulminant Prism          Conj/Hex       8%         3d7       32%         4
 Iskenderun's Mystic Bla  Conj/Tloc      17%        2d5       32%         4


Dungeon Overview and Level Annotations

Branches:
Dungeon (3/15)

Altars:


Message History

There is a stone staircase leading up here.
The gnoll shaman hits you with a +0 club.
You climb upwards.
There is a stone staircase leading down here.
The magic dart hits the gnoll shaman.
The gnoll shaman is lightly wounded.
The gnoll shaman hits you with a +0 club!
You are too injured to fight recklessly!
You are too injured to fight recklessly!
You are too injured to fight recklessly!
Aiming: Magic Dart (safe; 1% risk of failure)
Press: ? - help, Q - select action Shift-Dir - straight line, p - gnoll shaman You block the gnoll shaman's attack.
Aiming: Magic Dart (safe; 1% risk of failure)
Press: ? - help, Q - select action Shift-Dir - straight line, f - gnoll shaman
Aim: a gnoll shaman, wielding a +0 club and wearing a +0 leather armour (lightly wounded, 100% to hit)
The magic dart hits the gnoll shaman.
The gnoll shaman is heavily wounded.
The gnoll shaman hits you with a +0 club.
* * * LOW HITPOINT WARNING * * *
Aiming: Magic Dart (safe; 1% risk of failure)
Press: ? - help, Q - select action Shift-Dir - straight line, f/p - gnoll shaman
Aim: a gnoll shaman, wielding a +0 club and wearing a +0 leather armour (heavily wounded, 100% to hit)
The magic dart hits the gnoll shaman.
The gnoll shaman is heavily wounded.
The gnoll shaman hits you with a +0 club.
* * * LOW HITPOINT WARNING * * *
Aiming: Magic Dart (safe; 1% risk of failure)
Press: ? - help, Q - select action Shift-Dir - straight line, f/p - gnoll shaman
Aim: a gnoll shaman, wielding a +0 club and wearing a +0 leather armour (heavily wounded, 100% to hit)
The magic dart hits the gnoll shaman but does no damage.
The gnoll shaman is heavily wounded.
The gnoll shaman barely misses you.
Aiming: Magic Dart (safe; 1% risk of failure)
Press: ? - help, Q - select action Shift-Dir - straight line, f/p - gnoll shaman
Aim: a gnoll shaman, wielding a +0 club and wearing a +0 leather armour (heavily wounded, 100% to hit)
The magic dart hits the gnoll shaman.
The gnoll shaman is severely wounded.
The gnoll shaman hits you with a +0 club.
You die...

.P≈≈≈≈≈≈≈P.# #.........
≈≈≈≈≈≈≈≈≈≈.########## #.########
≈≈.≈≈≈≈.≈≈..........## #.#
P≈≈≈≈≈≈≈≈≈♣###..##...###.#
.≈≈≈≈≈≈≈≈..# #...........########
.....P.#P..# #..#.#.#.#..........
#.##.###..## ##..........#.......
.†##.# #.## #.#.....#..#...####
#.##.# #.# #.@g......(##.##
#.##.# #.# #.#>....#..##.# #.##.#
#.######..........##.# ..##.#
#........#)#.#.#..##.#####
####.###..#####.........[##..##..
..............##...#####.###.##.#
###..########.##...# #.# #.##.# #
#..# #.##.#.# #.# #.##.# #
#..########.##.#.#####.######.#


You could see a gnoll shaman.

Vanquished Creatures
  A gnoll (D:3)
  3 adders
  A dart slug (D:1)
  8 ball pythons
  7 bats
  An endoplasm (D:1)
  6 hobgoblins
  6 jackals
  7 kobolds
  A frilled lizard (D:2)
  5 goblins
  5 rats
51 creatures vanquished.

Notes
Turn   | Place    | Note
-------+----------+-------------------------------------------
     0 | D:1      | moldycheese5 the Deep Elf Conjurer began the quest for the
                  | Orb.
     0 | D:1      | Reached XP level 1. HP: 10/10 MP: 6/6
   266 | D:1      | Reached XP level 2. HP: 15/15 MP: 5/8
   478 | D:1      | Reached skill level 5 in Conjurations
  1129 | D:2      | Reached XP level 3. HP: 19/19 MP: 5/9
  2001 | D:2      | Reached XP level 4. HP: 24/24 MP: 9/11
  2634 | D:2      | Slain by a gnoll shaman

Illustrated notes

Levels and vault maps discovered:
D:1:      dpeg_arrival_arbitrary_b, layout_basic, minmay_tetromino_o2
D:2:      layout_loops_ring, nrook_loot_triangle, st_stairs_2,
          serial_bayou_pond_b
D:3:      layout_basic, nicolae_ru_sacrificial_ziggurat,
          shapermc_ecumenical_altar_rom_forum

Skill      XL: |  1  2  3 |
---------------+----------+-----
Conjurations   | 5 |  5.7
Stealth        | 3 |  3.1
Dodging        | |  2.6
Spellcasting   | |  3.8

Action                   |  1- 3 |  4- 6 || total
-------------------------+-------+-------++-------
Melee: Unarmed           |     2 |       ||     2
 Cast: Magic Dart        |    77 |    27 ||   104
Armor: Robe              |     1 |     2 ||     3
Dodge: Dodged            |     1 |     2 ||     3
Block: Other             |     1 |     2 ||     3
